 Dungeon Crawl Stone Soup version 0.19-a0-1827-g174f941 (webtiles) character file.

106199 Miyamura the Covert (level 15, -11/119 HPs)
             Began as a Vampire Gladiator on Oct 7, 2016.
             Was the Champion of Makhleb.
             Killed from afar by a shock serpent (20 damage)
             ... with a bolt of electricity
             ... on level 1 of the Snake Pit.
             The game lasted 01:32:14 (30391 turns).

Miyamura the Covert (Vampire Gladiator)            Turns: 30391, Time: 01:32:15

Health: -11/119    AC: 42    Str: 14    XL:     15   Next: 96%
Magic:  10/25      EV: 13    Int: 18    God:    Makhleb [******]
Gold:   1948       SH:  0    Dex: 17    Spells: 3 memorised, 13 levels left

rFire  + + .     SeeInvis +     A - +3 short sword of Due Proportion {pierce, rF+}
rCold  + . .     Gourm    .     a - +27 Lear's hauberk
rNeg   + . .     Faith    .     (no shield)
rPois  .         Spirit   .     (helmet currently unavailable)
rElec  .         Dismiss  .     S - +2 cloak
rCorr  .         Reflect  .     (gloves currently unavailable)
MR     +++..     Harm     .     (boots currently unavailable)
Stlth  +++.......               X - amulet of magic regeneration
                                U - ring of the Mage {Wiz MR++ Int+3}
                                Y - ring of protection from fire

@: about to teleport, very slightly contaminated
A: fangs 3, see invisible, cold resistance 1, unbreathing
a: Bat Form, Minor Destruction, Lesser Servant of Makhleb, Major Destruction,
Greater Servant of Makhleb, Renounce Religion


You were on level 1 of the Snake Pit.
You worshipped Makhleb.
Makhleb was exalted by your worship.
You were not thirsty.

You visited 5 branches of the dungeon, and saw 25 of its levels.
You also visited: Ice Cave and Volcano.

You collected 2616 gold pieces.
You spent 668 gold pieces at shops.

Inventory:

Hand Weapons
 b - a +4 demon blade of flaming
 r - the +7 dagger of Doom {speed, MR++ Str+5}
   (You found it on level 5 of the Dungeon)

   Attacks with this weapon are significantly faster.
   It affects your strength (+5).
   It affects your resistance to hostile enchantments.
 A - the +3 short sword of Due Proportion (weapon) {pierce, rF+}
   (You found it on level 9 of the Dungeon)

   It inflicts extra damage upon your enemies.
   It protects you from fire.
Missiles
 d - 7 throwing nets (quivered)
Armour
 a - the +27 Lear's hauberk (worn)
   (You found it on level 6 of the Lair of Beasts)
 S - a +2 cloak (worn)
Rods
 p - a +4 rod of shadows (13/13)
   (You found it in an ice cave)
Jewellery
 s - an uncursed ring of protection from cold
 y - an uncursed amulet of faith
 U - the ring of the Mage (right hand) {Wiz MR++ Int+3}
   (You found it on level 13 of the Dungeon)

   [ring of wizardry]

   It improves your spell success rate.
   It affects your intelligence (+3).
   It affects your resistance to hostile enchantments.
 X - an amulet of magic regeneration (around neck)
 Y - a ring of protection from fire (left hand)
Wands
 c - a wand of iceblast (4/15)
 o - a wand of lightning (6/15)
 t - a wand of random effects (5/48)
 D - a wand of lightning (9/15)
 F - a wand of iceblast (12/15)
 L - a wand of lightning (6/15)
 M - a wand of disintegration (17/24)
 O - a wand of iceblast (8/15)
 P - a wand of iceblast (9/15)
 R - a wand of flame (15/48)
 T - a wand of heal wounds (0/9)
 V - a wand of iceblast (6/15)
Scrolls
 g - a scroll of enchant armour
 h - a scroll of immolation
 k - 10 scrolls of remove curse
 v - 4 scrolls of amnesia
 w - a scroll of magic mapping
 x - a scroll of blinking
 z - a scroll of identify
 I - 4 scrolls of fog
Potions
 e - 40 potions of blood
 i - 8 potions of curing
 m - a potion of degeneration {unknown}
 n - 5 potions of flight
 u - 3 potions of ambrosia
 C - 5 potions of brilliance
 E - 3 potions of lignification
 G - 3 potions of cure mutation {!q}
 J - 2 potions of might
 W - 3 potions of cancellation
Miscellaneous
 H - a phial of floods


   Skills:
 + Level 11.2 Fighting
 - Level 11.2(11.6) Short Blades
 - Level 5.0(8.3) Long Blades
 - Level 1.5 Throwing
 + Level 10.2 Armour
 + Level 13.4 Dodging
 - Level 14.4 Stealth
 + Level 7.0 Spellcasting
 + Level 3.0 Conjurations
 - Level 12.0 Hexes
 + Level 4.4 Ice Magic
 + Level 4.3 Air Magic
 - Level 4.1 Invocations
 - Level 1.0 Evocations


You had 13 spell levels left.
You knew the following spells:

 Your Spells              Type           Power        Failure   Level  Hunger
c - Confuse               Hex            #####...     1%          3    ##.....
f - Freezing Cloud        Conj/Ice/Air   ###.......   100%        6    #######
i - Invisibility          Hex            #####...     82%         6    #######


Dungeon Overview and Level Annotations

Branches:
Dungeon (15/15)            Temple (1/1) D:5            Lair (6/6) D:10
 Shoals (0/4) Lair:2        Snake (1/4) Lair:2        Slime (0/5) Lair:5
    Orc (2/2) D:11            Elf (0/3) Orc:2        Vaults (0/5) D:13
 Depths (0/5) D:15

Altars:
Ashenzari
Cheibriados
Dithmenos
Elyvilon
Fedhas
Gozag
Hepliaklqana
Kikubaaqudgha
Makhleb
Nemelex Xobeh
Okawaru
Qazlal
Ru
Sif Muna
Trog
Uskayaw
Vehumet
Xom
Yredelemnul
Zin
The Shining One
Beogh

Shops:
Orc:2 :=([

Portals:
Trove: D:10 (give 8 potions of haste)

Annotations:
D:7 dobroeutro's ghost, novice GrFi


Innate Abilities, Weirdness & Mutations

You have razor-sharp teeth.
You have supernaturally acute eyesight. (SInv)
You can survive without breathing.
Your flesh is cold resistant. (rC+)


Message History

Aim: a shock serpent (moderately wounded, chance to defeat MR: 50%)
The shock serpent is blasted.
This wand has 17 charges left.
The shock serpent's electric aura discharges, shocking you!
* * * LOW HITPOINT WARNING * * *
As you read the scroll of teleportation, it crumbles to dust.
You feel strangely unstable.
The shock serpent shoots out a bolt of lightning at you!
The bolt of electricity misses you. The bolt of electricity hits you!
* * * LOW HITPOINT WARNING * * *
The bolt of electricity hits the shock serpent.
The shock serpent completely resists.
Okay, then.
Okay, then.
Yummy - fresh blood!
The shock serpent bites you.
* * * LOW HITPOINT WARNING * * *
The shock serpent shocks you!
* * * LOW HITPOINT WARNING * * *
The shock serpent shoots out a bolt of lightning at you!
The bolt of electricity hits you!
You die...

#.#,......##.,,,,,,,,,,,,,
*#..#.......,***,,,,******
*#........#** **,,,,*****
*#.#N.#..####*,*,,,,**,,
*#.........#*,,,,,,,,,,
#.......#,,,,,,,,,,,,,
*#......###*,,,,,,,,,*
#...S....###*,,,,,***
##..@......#*,,,***
###.%......,,***
###......,** *#...##**
*####


You could see a naga warrior and a shock serpent.

Vanquished Creatures
  Gastronok (D:8)
  Agnes (D:15)
  A tengu reaver (D:13)
  An orc warlord (Orc:2)
  Nessos (Lair:6)
  A white draconian (IceCv)
  3 dire elephants (Lair:6)
  Snorg (Lair:3)
  Josephine (D:11)
  2 ice dragons (D:15)
  9 hydras
  A naga warrior (Snake:1)
  Harold (Lair:2)
  Erica (Lair:1)
  An anaconda (Lair:6)
  4 centaur warriors
  A death knight (D:13)
  4 tengu warriors
  A death yak (IceCv)
  An orc high priest (Orc:1)
  2 naga sharpshooters (Snake:1)
  A salamander mystic (Volcano)
  A skeletal warrior (D:13)
  A deep elf archer (D:13)
  4 unseen horrors
  3 hill giants
  Pikel (D:8)
  A wolf spider (D:13)
  4 orc knights
  A mana viper (Snake:1)
  3 deep elf magi
  3 cyclopes
  4 orc sorcerers
  4 salamanders (Volcano)
  4 manticores
  A siren (Lair:2)
  7 ugly things
  6 black mambas
  A centaur zombie (D:12)
  12 elephants (Lair:6)
  2 guardian serpents (D:11)
  Maurice (Orc:2)
  Joseph (D:8)
  An ice statue (IceCv)
  12 spiny frogs
  6 rime drakes
  A freezing wraith (D:15)
  6 komodo dragons
  2 kobold demonologists
  A queen bee (D:11)
  4 trolls
  A tengu conjurer (D:13)
  13 polar bears
  5 slime creatures (D:13)
  Prince Ribbit (D:8)
  Grinder (D:4)
  2 two-headed ogres
  4 blink frogs (Lair:3)
  8 hippogriffs
  3 shadows
  67 yaks
  3 wyverns
  2 fire bats (Volcano)
  4 wraiths
  2 basilisks
  5 vampire mosquitoes
  4 hungry ghosts
  A steam dragon (Lair:1)
  A mottled dragon (D:13)
  5 wargs (Orc:2)
  7 nagas
  A soldier ant (shapeshifter) (D:13)
  10 water moccasins
  Duvessa (D:5)
  7 porcupines
  2 sky beasts
  39 orc warriors
  3 slaves (D:8)
  2 necrophages
  2 phantoms
  2 black bears (D:10)
  2 ice beasts
  18 ogres
  21 wolves
  3 boggarts (D:15)
  15 centaurs
  11 crocodiles
  A big kobold (D:14)
  16 bullfrogs
  2 water moccasin zombies
  6 scorpions
  2 wyvern skeletons
  Dowan (D:5)
  34 killer bees
  3 wights (D:8)
  2 howler monkeys
  An electric eel (Lair:3)
  A lava snake (Volcano)
  5 crimson imps
  A bullfrog zombie (D:8)
  2 quasits
  20 jellies
  8 centaur skeletons
  26 orc priests
  6 gnoll shamans (D:9)
  11 hounds
  9 bullfrog skeletons
  27 orc wizards
  7 iguanas
  10 worker ants
  A hound zombie (D:11)
  3 hound skeletons
  Robin (D:2)
  A howler monkey skeleton (D:7)
  2 worker ant zombies
  14 gnolls
  11 adders
  A shadow imp (D:7)
  8 oozes
  2 adder zombies
  2 worms
  4 leopard geckos
  110 orcs
  A ball python (D:1)
  13 bats
  6 giant cockroaches
  11 goblins
  9 hobgoblins
  8 jackals
  2 quokkas
  2 frilled lizards
  12 kobolds
  A leopard gecko skeleton (D:5)
  A quokka skeleton (D:3)
  2 rats (D:1)
  3 plants
848 creatures vanquished.

Vanquished Creatures (others)
  A phantom (D:8)
  An orc priest (Orc:1)
  An adder (D:8)
  2 orcs (Orc:2)
  A bat (D:2)
  17 fungi
  12 plants
35 creatures vanquished.

Grand Total: 883 creatures vanquished

Notes
Turn   | Place    | Note
-------+----------+-------------------------------------------
     0 | D:1      | Miyamura the Vampire Gladiator began the quest for the Orb.
     0 | D:1      | Reached XP level 1. HP: 16/16 MP: 1/1
   393 | D:1      | Reached XP level 2. HP: 22/22 MP: 2/2
   449 | D:1      | Reached skill level 1 in Stealth
  1041 | D:2      | Reached skill level 1 in Armour
  1069 | D:2      | Noticed Robin
  1070 | D:2      | Reached XP level 3. HP: 27/27 MP: 3/3
  1215 | D:1      | Reached skill level 2 in Stealth
  1244 | D:2      | Killed Robin
  1260 | D:2      | Found a deep blue altar of Sif Muna.
  1800 | D:2      | Reached XP level 4. HP: 24/33 MP: 2/4
  2646 | D:3      | Reached XP level 5. HP: 20/38 MP: 2/5
  2723 | D:4      | Reached skill level 3 in Stealth
  2968 | D:4      | Noticed an ogre
  2991 | D:4      | Killed an ogre
  2991 | D:4      | Reached skill level 4 in Stealth
  2991 | D:4      | Reached XP level 6. HP: 21/46 MP: 2/6
  3521 | D:4      | Noticed Grinder
  3531 | D:4      | Paralysed by Grinder for 3 turns
  3547 | D:4      | Killed Grinder
  3547 | D:4      | Reached skill level 5 in Stealth
  3547 | D:4      | Reached XP level 7. HP: 19/52 MP: 7/7
  3730 | D:5      | Entered Level 5 of the Dungeon
  3810 | D:4      | Reached skill level 5 in Dodging
  3965 | D:5      | Reached skill level 5 in Long Blades
  4036 | D:5      | Found a glowing silver altar of Zin.
  4039 | D:5      | Found an ancient bone altar of Kikubaaqudgha.
  4039 | D:5      | Found an opulent altar of Gozag.
  4096 | D:5      | Got a pitted dagger
  4097 | D:5      | Identified the +7 dagger of Doom {speed, MR++ Str+5} (You found it on level 5 of the Dungeon)
  4233 | D:5      | Reached skill level 1 in Short Blades
  4233 | D:5      | Reached skill level 6 in Stealth
  4248 | D:5      | Found a staircase to the Ecumenical Temple.
  4322 | Temple   | Entered the Ecumenical Temple
  4555 | Temple   | Became a worshipper of Makhleb the Destroyer
  4666 | D:5      | Reached XP level 8. HP: 54/60 MP: 8/8
  4887 | D:5      | Noticed Dowan
  4911 | D:5      | Killed Dowan
  4921 | D:5      | Noticed Duvessa
  4934 | D:5      | Killed Duvessa
  5445 | D:6      | Reached skill level 7 in Stealth
  5517 | D:6      | Learned a level 3 spell: Confuse
  5519 | D:6      | Learned a level 1 spell: Confusing Touch
  5639 | D:6      | Reached skill level 1 in Hexes
  5953 | D:6      | Reached * piety under Makhleb
  5953 | D:6      | Reached skill level 1 in Spellcasting
  6510 | D:7      | Reached XP level 9. HP: 65/67 MP: 10/10
  6567 | D:6      | Reached skill level 5 in Fighting
  6567 | D:6      | Reached skill level 8 in Stealth
  6625 | D:7      | Noticed dobroeutro's ghost (novice GrFi)
  7223 | D:8      | Found a sparkling altar of Nemelex Xobeh.
  7263 | D:8      | Noticed Prince Ribbit
  7327 | D:8      | Noticed Joseph
  7352 | D:8      | Killed Joseph
  7449 | D:8      | Noticed Gastronok
  7532 | D:8      | Reached ** piety under Makhleb
  7532 | D:8      | Reached skill level 9 in Stealth
  7541 | D:8      | Killed Prince Ribbit
  7619 | D:8      | Noticed Pikel
  7694 | D:8      | Killed Pikel
  7694 | D:8      | Reached skill level 5 in Armour
  7694 | D:8      | Reached XP level 10. HP: 39/76 MP: 3/14
  8059 | D:8      | Killed Gastronok
  8059 | D:8      | Reached skill level 5 in Short Blades
  8059 | D:8      | Reached skill level 10 in Stealth
  8547 | D:9      | Found a bloodstained altar of Trog.
  8549 | D:9      | Got an encrusted short sword
  8550 | D:9      | Identified the +3 short sword of Due Proportion {pierce, rF+} (You found it on level 9 of the Dungeon)
  8557 | D:9      | Found a shimmering altar of Xom.
  8833 | D:9      | Reached *** piety under Makhleb
  9277 | D:9      | Reached XP level 11. HP: 65/83 MP: 17/17
  9555 | D:9      | Found a hazy altar of Hepliaklqana.
 10039 | D:10     | Entered Level 10 of the Dungeon
 10039 | D:10     | Found a portal to a secret trove of treasure.
 10097 | D:10     | Reached skill level 11 in Stealth
 10110 | D:10     | Found a staircase to the Lair.
 10411 | D:10     | Got a transparent chain mail
 10422 | D:10     | Identified the +7 chain mail "Jilenyvi" {Int+4 Dex-5} (You found it on level 10 of the Dungeon)
 10890 | D:11     | Noticed a hill giant
 10914 | D:11     | Killed a hill giant
 11043 | D:10     | Reached **** piety under Makhleb
 11043 | D:10     | Reached skill level 5 in Spellcasting
 11167 | D:11     | Noticed Josephine
 11187 | D:11     | Killed Josephine
 11333 | D:11     | Noticed an unseen horror
 11356 | D:11     | Killed an unseen horror
 11909 | D:11     | Found a staircase to the Orcish Mines.
 12046 | D:11     | Reached XP level 12. HP: 91/91 MP: 20/20
 12190 | D:11     | Reached ***** piety under Makhleb
 12227 | D:11     | Reached skill level 12 in Stealth
 12531 | Lair:1   | Entered Level 1 of the Lair of Beasts
 12687 | Lair:1   | Found a dark tunnel.
 12697 | Volcano  | Entered a volcano
 12791 | Volcano  | Found a radiant altar of Vehumet.
 12941 | Volcano  | Found a burning altar of Makhleb.
 13053 | Lair:1   | Noticed Erica
 13069 | Lair:1   | Killed Erica
 13158 | Lair:1   | Reached skill level 10 in Hexes
 13519 | Lair:1   | Reached skill level 10 in Dodging
 13997 | Lair:2   | Reached skill level 13 in Stealth
 14001 | Lair:2   | Noticed Harold
 14082 | Lair:2   | Killed Harold
 14253 | Lair:2   | Found a staircase to the Snake Pit.
 14580 | Lair:2   | Noticed a six-headed hydra
 14601 | Lair:2   | Killed a six-headed hydra
 14601 | Lair:2   | Reached XP level 13. HP: 85/99 MP: 21/21
 14799 | Lair:2   | Found a staircase to the Shoals.
 15016 | Lair:3   | Found a radiant altar of Vehumet.
 15631 | Lair:3   | Noticed Snorg
 15638 | Lair:3   | Killed Snorg
 16746 | Lair:5   | Got a dazzling cloak
 16757 | Lair:5   | Identified the +0 cloak of Iclin {*Corrode rPois Str+4} (You found it on level 5 of the Lair of Beasts)
 17121 | Lair:5   | Found a staircase to the Slime Pits.
 17835 | Lair:6   | Entered Level 6 of the Lair of Beasts
 17837 | Lair:6   | Noticed Nessos
 17878 | Lair:6   | Reached skill level 14 in Stealth
 18040 | Lair:6   | Reached ****** piety under Makhleb
 18245 | Lair:6   | Killed Nessos
 19029 | Lair:6   | Reached skill level 1 in Invocations
 19029 | Lair:6   | Reached XP level 14. HP: 108/108 MP: 22/22
 19097 | Lair:6   | Reached skill level 10 in Short Blades
 19402 | Lair:6   | Got a transparent scale mail
 19413 | Lair:6   | Identified the +0 scale mail of Zathueho {rElec SInv} (You found it on level 6 of the Lair of Beasts)
 19993 | Orc:1    | Entered Level 1 of the Orcish Mines
 20546 | Orc:1    | HP: 4/109 [orc sorcerer/bolt of negative energy (31)]
 21401 | Orc:1    | Found a roughly hewn altar of Beogh.
 21588 | Orc:2    | Entered Level 2 of the Orcish Mines
 21591 | Orc:2    | Found a roughly hewn altar of Beogh.
 21651 | Orc:2    | Reached skill level 10 in Fighting
 21682 | Orc:2    | Found a staircase to the Elven Halls.
 21938 | Orc:2    | Found a frozen archway.
 21946 | IceCv    | Entered an ice cave
 22157 | IceCv    | Gained mutation: Your flesh is cold resistant. (rC+) [potion of mutation]
 22157 | IceCv    | Gained mutation: Armour fits poorly on your strangely shaped body. [potion of mutation]
 22157 | IceCv    | Lost mutation: Armour fits poorly on your strangely shaped body. [potion of mutation]
 22997 | IceCv    | Identified a +4 rod of shadows (13/13) (You found it in an ice cave)
 23407 | Orc:2    | Found a roughly hewn altar of Beogh.
 23410 | Orc:2    | Found Pacionass's Jewellery Shop.
 23499 | Orc:2    | Noticed Maurice
 23506 | Orc:2    | Killed Maurice
 23560 | Orc:2    | Noticed an orc warlord
 23615 | Orc:2    | Killed an orc warlord
 23655 | Orc:2    | Found Fugit's Antique Armour Shop.
 23655 | Orc:2    | Found a roughly hewn altar of Beogh.
 23658 | Orc:2    | Found Zuela's Antique Weapon Boutique.
 23667 | Orc:2    | Bought a pair of heavily runed boots for 218 gold pieces
 23679 | Orc:2    | Identified the cursed +0 pair of boots of the Hurricane {Int+4} (You bought it in a shop on level 2 of the Orcish Mines)
 23845 | Orc:2    | Found a roughly hewn altar of Beogh.
 23846 | Orc:2    | Found Veyvvoug's Book Shoppe.
 23977 | Orc:2    | Bought a book of Clouds for 450 gold pieces
 24141 | Orc:2    | Found a roughly hewn altar of Beogh.
 24301 | Orc:2    | Reached skill level 1 in Evocations
 24322 | Orc:2    | Learned a level 6 spell: Freezing Cloud
 24648 | D:12     | Reached XP level 15. HP: 117/117 MP: 23/23
 24703 | D:12     | Reached skill level 1 in Air Magic
 24835 | D:12     | Reached skill level 1 in Ice Magic
 24993 | D:12     | Got a crude chain mail
 25004 | D:12     | Identified the +5 chain mail "Yqifis" {+Inv rCorr Str+3} (You found it on level 12 of the Dungeon)
 25320 | D:13     | Reached skill level 1 in Conjurations
 26125 | D:13     | Noticed a tengu reaver
 26973 | D:13     | Found a gate to the Vaults.
 27200 | D:13     | Noticed a tengu reaver
 27232 | D:13     | Killed a tengu reaver
 27232 | D:13     | Reached skill level 10 in Armour
 27256 | D:13     | Learned a level 6 spell: Invisibility
 28161 | D:15     | Entered Level 15 of the Dungeon
 29045 | D:15     | Noticed Agnes
 29102 | D:15     | Killed Agnes
 29987 | D:15     | Found a staircase to the Depths.
 30225 | Snake:1  | Entered Level 1 of the Snake Pit
 30378 | Snake:1  | HP: 5/119 [poisoned by a black mamba]
 30391 | Snake:1  | Killed from afar by a shock serpent

Vault maps used:
D:1:      dpeg_arrival_castle, minmay_misc_feat_tower
D:2:      minmay_wonky_spiral, lemuel_round_altar, st_stairs_9,
          lemuel_flame_loot_1, uniq_robin
D:4:      uniq_grinder
D:5:      grunt_temple_overflow_open, first_bread, uniq_duvessa
D:7:      kennysheep_generic_room_9
D:8:      nemelex_xobeh_ov_fountains_minmay, hangedman_little_slice_of_home,
          uniq_joseph, uniq_gastronok, uniq_pikel, uniq_prince_ribbit1
D:9:      kennysheep_seaside_town, old_standard_altar, lemuel_crystal_altar,
          basic_altar
D:10:     dpeg_oklobed_lair, nicolae_trove_entry_free_sample
D:11:     nrook_guardian_serpent_snake_passage, orc_0_dummy, special_room,
          uniq_josephine
D:13:     hangedman_vaults_entry_quadrant_bands,
          minmay_checkered_concentric_circles
D:14:     roderic_lattice_octagonal_star
D:15:     grunt_enter_depths_hoard, uniq_agnes
Temple:   eino_temple_water
Lair:1:   statuecave_lemuel, enter_volcano_2, grunt_megastairs_2, uniq_erica
Lair:2:   minmay_shoals_entry_lonely_mermaid,
          minmay_snake_entry_guardpost_small, uniq_harold
Lair:3:   basic_altar, grunt_megastairs_1, infiniplex_staircase_pool, uniq_snorg
Lair:5:   minmay_slime_entry_jelly_boxes
Lair:6:   due_jungle_book, serial_bayou_shore_b, grunt_megastairs_5, uniq_nessos
Snake:1:  uniq_aizul
Orc:1:    minmay_orc_temple_c
Orc:2:    grunt_orc_community_town_hall, grunt_orc_community_big_house_2,
          grunt_orc_community_big_house_1, grunt_orc_community_house_3,
          grunt_orc_community_house_3, grunt_orc_community_house_3,
          grunt_orc_community_house_1, grunt_orc_community_house_2,
          grunt_orc_community_house_3, basic_altar, portal_ice_cave_rime,
          special_room, uniq_maurice
IceCv:    ice_cave_caverns_01
Volcano:  volcano_grotto

Skill      XL: |  1  2  3  4  5  6  7  8  9 10 11 12 13 14 15 |
---------------+----------------------------------------------+-----
Stealth        | 1 2 4 5 6 7 9 10 11 13 14 | 14.4
Armour         | 1 2 3 4 5 6 7 8 9 10 | 10.2
Fighting       | 2 3 4 5 6 7 8 9 10 11 | 11.2
Dodging        | 4 5 6 7 8 9 10 11 12 13 | 13.4
Long Blades    | 4 5 |  5.0
Short Blades   | 1 3 4 6 7 8 9 11 | 11.2
Hexes          | 2 4 6 8 10 12 | 12.0
Spellcasting   | 1 3 4 5 7 |  7.0
Invocations    | 1 4 |  4.1
Evocations     | 1 |  1.0
Air Magic      | 4 |  4.3
Ice Magic      | 4 |  4.4
Conjurations   | 3 |  3.0
Throwing       | |  1.5

Action                   |  1- 3 |  4- 6 |  7- 9 | 10-12 | 13-15 || total
-------------------------+-------+-------+-------+-------+-------++-------
Melee: Long sword        |   101 |   158 |    71 |       |       ||   330
       Bite              |     7 |    21 |    58 |   235 |   805 ||  1126
       Dagger            |       |       |   362 |  1586 |  4677 ||  6625
       Short sword       |       |       |       |   147 |    34 ||   181
       Demon blade       |       |       |       |       |    16 ||    16
 Cast: Confuse           |       |       |     3 |     2 |       ||     5
       Confusing Touch   |       |       |     2 |       |       ||     2
Invok: Major Destruction |       |       |       |       |     1 ||     1
Evoke: Wand              |       |       |       |     9 |    63 ||    72
  Use: Potion            |    13 |    11 |    26 |     7 |    34 ||    91
       Scroll            |       |     3 |     2 |    13 |    33 ||    51
 Stab: Sleeping          |     3 |     6 |    19 |    20 |    39 ||    87
       Distracted        |       |     1 |       |     2 |     5 ||     8
       Invisible         |       |       |     1 |       |       ||     1
       Paralysed         |       |       |       |       |     3 ||     3
Armor: Leather armour    |    57 |    36 |    46 |    35 |       ||   174
       Skin              |       |       |       |     1 |       ||     1
       Chain mail        |       |       |       |   414 |  1501 ||  1915
Dodge: Dodged            |   113 |   100 |   179 |   835 |  1568 ||  2795
Block: Other             |       |       |    15 |    72 |   113 ||   200
       Reflection        |       |       |       |       |     3 ||     3
       Rpst.: Long sword |    39 |    32 |    16 |       |       ||    87
       Demon blade       |       |       |       |       |     2 ||     2
